 Dungeon Crawl Stone Soup version 0.27.1 (webtiles) character file.

Game seed: 8101976259099320114

56 DearestLeader the Grave Robber (level 3, -10/28 HPs)
             Began as a Deep Dwarf Necromancer on Aug 19, 2021.
             Mangled by an orc wizard (17 damage)
             ... on level 2 of the Dungeon on Aug 23, 2021.
             The game lasted 00:04:54 (1617 turns).

DearestLeader the Grave Robber (DDNe)               Turns: 1617, Time: 00:04:55

Health: -10/28     AC:  2    Str: 11    XL:     3   Next: 71%
Magic:  3/6        EV: 12    Int: 16    God:
Gold:   79         SH:  0    Dex: 13    Spells: 1/6 levels left

rFire    . . .     SeeInvis .   d - staff of death
rCold    . . .     Faith    .   (no shield)
rNeg     + . .     Spirit   .   a - +0 robe
rPois    .         Reflect  .   (no helmet)
rElec    .         Harm     .   (no cloak)
rCorr    .         Rampage  .   (no gloves)
Will     .....                  (no boots)
Stlth    +.........             (no amulet)
HPRegen  0.00/turn              (no ring)
MPRegen  0.10/turn              (no ring)

@: confused
A: damage resistance, heal wounds, sense surroundings 1, no regeneration
a: Heal Wounds


You were on level 2 of the Dungeon.
You visited 1 branch of the dungeon, and saw 2 of its levels.

You collected 79 gold pieces.

Inventory:

Hand Weapons
 n - a +0 club
Armour
 a - a +0 robe (worn)
 c - a +0 plate armour
 h - a +0 ring mail
 m - a +0 leather armour
Magical Staves
 d - a staff of death (weapon)
 e - a staff of fire
Jewellery
 i - a ring of ice
Scrolls
 b - a scroll of noise {unknown}
 g - a scroll of holy word {unknown}
 j - a scroll of amnesia {unknown}
Potions
 f - a potion of brilliance {unknown}
 k - 2 potions of haste {unknown}
 l - 2 potions of might {unknown}


   Skills:
 - Level 2.2 Dodging
 - Level 2.6 Stealth
 - Level 2.0 Spellcasting
 * Level 5.4 Necromancy
 + Level 1.8 Evocations


You had one spell level left.
You knew the following spells:

 Your Spells              Type           Power      Damage    Failure   Level
a - Pain                  Necr           100%       1d9       2%          1
b - Animate Skeleton      Necr           56%        N/A       2%          1
c - Vampiric Draining     Necr           14%        2d8       7%          3

Your spell library contained the following spells:

 Spells                   Type           Power      Damage    Failure   Level
 Apportation              Tloc           2%         N/A       21%         1
 Animate Dead             Necr           14%        N/A       22%         4
 Gell's Gravitas          Tloc           0%         N/A       52%         3
 Teleport Other           Tloc           1%         N/A       52%         3
 Agony                    Necr           28%        N/A       52%         5
 Alistair's Intoxication  Tmut/Pois      0%         N/A       99%         5
 Dispersal                Tloc           0%         N/A       100%        6
 Invisibility             Hex            0%         N/A       100%        6


Dungeon Overview and Level Annotations

Branches:
Dungeon (2/15)

Altars:


Innate Abilities, Weirdness & Mutations

You are resistant to damage.
You can heal yourself by infusing magical energy.
You passively map a small area around you.
You do not regenerate.


Message History

The orc wizard flickers and vanishes!
Deactivating autopickup; reactivate with Ctrl-A.
The orc wizard closely misses you. The orc wizard barely misses you.
The orc wizard gestures at you while chanting.
The puff of flame misses you.
You're too confused to move!
You feel less confused. The orc hits you with a +0 mace.
The orc wizard misses you.
The orc wizard mumbles some strange words.
The orc wizard flickers and vanishes!
The orc hits you with a +0 mace. The orc completely misses you.
You see here a +0 club.
n - a +0 club
Casting: Vampiric Draining (quite dangerous; 7% risk of failure)
Confirm with . or Enter, or press ? or * to list all spells.
The spell is quite dangerous to cast (7% risk of failure)!
Continue anyway?
Aiming: Vampiric Draining (quite dangerous; 7% risk of failure)
Press: ? - help, Shift-Dir - straight line, f - orc
Aim: an orc, wielding a +0 mace You feel a surge of power!
You draw life force from the orc!
You kill the orc!
You feel life coursing into your body.
Training target 2.0 for Spellcasting reached!
Your Spellcasting skill increases to level 2!
You hear some strange, mumbled words.
Something tries to affect you, but you resist.
You are confused.
You bump into the rock wall.
A magic dart appears from out of thin air!
The magic dart hits you!
You hear some strange, mumbled words.
Something tries to affect you, but you resist.
You're too confused to move!
Something hits you.
* * * LOW HITPOINT WARNING * * *
You are electrocuted!!
Ouch! That really hurt!
You die...

#.# # #.# #.# #<#
#.# ,*#.# ** #.# #.#
,, #.# , #.# * , #.#
#.#** * #.# * # *
#.# * ###.#########
#@# * ........{...#
#{# * ........o##.#
#{#### * *
###.####.##o# #o...#
* # #.##.# ####.# *
#.##.#######.###.#
#.##..o..)..{....# *
#.##########.##.....
, , * #.#
#.g......###


You could see an orc.

Vanquished Creatures
  An adder (D:2)
  3 dart slugs
  An orc (D:2)
  2 ball pythons
  2 bats (D:1)
  4 endoplasms
  2 giant cockroaches
  3 goblins
  5 hobgoblins
  3 jackals (D:2)
  2 quokkas
  A frilled lizard (D:2)
  2 kobolds (D:2)
  3 rats (D:1)
34 creatures vanquished.

Notes
Turn   | Place    | Note
-------+----------+-------------------------------------------
     0 | D:1      | DearestLeader the Deep Dwarf Necromancer began the quest
                  | for the Orb.
     0 | D:1      | Reached XP level 1. HP: 15/15 MP: 3/3
     0 | D:1      | Upgraded the game from 0.27.0-65-ge2af304b15 to
                  | 0.27.0-66-gdc8fb28755
    30 | D:1      | Upgraded the game from 0.27.0-66-gdc8fb28755 to 0.27.1
   247 | D:1      | Reached XP level 2. HP: 19/22 MP: 1/4
   456 | D:1      | Learned a level 1 spell: Animate Skeleton
   672 | D:1      | Reached skill level 5 in Necromancy
   672 | D:1      | Reached skill level 1 in Evocations
   909 | D:2      | Reached XP level 3. HP: 19/28 MP: 2/5
   913 | D:2      | Learned a level 3 spell: Vampiric Draining
  1617 | D:2      | Mangled by an orc wizard

Illustrated notes

Levels and vault maps discovered:
D:1:      minmay_arrival_semitransparent, layout_basic
D:2:      minmay_kobold_bridge, layout_loops_ring

Skill      XL: |  1  2  3 |
---------------+----------+-----
Necromancy     | 5 |  5.4
Evocations     | 1 |  1.8
Spellcasting   | 2 |  2.0
Dodging        | |  2.2
Stealth        | |  2.6

Action                   || total
-------------------------++-------
Melee: Unarmed           ||     5
       Staff             ||    18
 Cast: Pain              ||    37
       Vampiric Draining ||     6
Armor: Robe              ||     6
Dodge: Dodged            ||    28
